 Dungeon Crawl Stone Soup version 0.31-a0-198-g2ad674f65e (webtiles) character file.

Game seed: 11734324477589611817

181 qw the Skirmisher (level 5, -7/29 HPs)
             Began as a Deep Elf Hunter on June 25, 2023.
             Mangled by an ogre
             ... wielding a +0 giant club
              (21 damage)
             ... on level 4 of the Dungeon.
             The game lasted 00:01:00 (2495 turns).

qw the Skirmisher (Deep Elf Hunter)                 Turns: 2495, Time: 00:01:01

Health: -7/29      AC:  8    Str: 10    XL:     5   Next: 34%
Magic:  7/7        EV: 11    Int: 14    God:
Gold:   34         SH:  0    Dex: 18    Spells: 4/4 levels left

rFire   . . .        Y - +2 shortbow
rCold   + . .        (shield currently unavailable)
rNeg    . . .        g - +0 ring mail
rPois   .            h - +1 helmet
rElec   .            (no cloak)
rCorr   .            i - +0 pair of gloves
SInv    .            (no boots)
Will    +....        (no amulet)
Stlth   +            c - ring of willpower
HPRegen 0.24/turn    e - ring of protection from cold
MPRegen 0.10/turn

%: no passive effects
@: no status effects
A: no striking features
a: no special abilities


You were on level 4 of the Dungeon.
You visited 1 branch of the dungeon, and saw 4 of its levels.

You collected 195 gold pieces.
You spent 161 gold pieces at shops.


   Skills:
 - Level 1.5 Fighting
 + Level 8.8 Ranged Weapons
 - Level 2.4 Dodging
 - Level 1.2 Stealth


You had 4 spell levels left.
You didn't know any spells.
Your spell library was empty.

Inventory:

Hand Weapons
 Y - a +2 shortbow (weapon)
Armour
 g - a +0 ring mail (worn)
 h - a +1 helmet (worn)
 i - a +0 pair of gloves (worn)
Jewellery
 c - a ring of willpower (left hand)
 e - a ring of protection from cold (right hand)
Scrolls
 d - 2 scrolls of identify
Potions
 a - 2 potions of mutation
 b - a potion of resistance
 f - 2 potions of curing

Dungeon Overview and Level Annotations

Branches:
Dungeon (4/15)
 Temple: D:4-7

Altars:
Makhleb

Shops:
D:3 [*?

Annotations:
D:4 Grinder, Robin


Message History

Grinder closely misses you.
You shoot an arrow. The arrow barely misses the quokka.
The quokka barely misses you. Grinder hits you but does no damage.
The goblin barely misses you.
You shoot an arrow. The arrow hits the quokka.
You kill the quokka!
A goblin comes into view. It is wielding a +0 club.
Grinder hits you.
You writhe in agony.
A goblin comes into view. It is wielding a +0 dagger.
The goblin barely misses you.
You shoot an arrow. The arrow barely misses Grinder.
The goblin shouts! x2
You hear a shout!
The goblin barely misses you. Grinder gestures at you.
You resist with almost no effort.
A hobgoblin comes into view.
The orc misses you. The ogre closely misses you.
You shoot an arrow. The arrow hits Grinder.
Grinder is lightly wounded.
Grinder hits you but does no damage. The goblin barely misses you.
A hobgoblin comes into view.
The orc barely misses you. The ogre barely misses you.
You shoot an arrow. The hobgoblin shouts!
The arrow hits Grinder!
Grinder is moderately wounded.
A hobgoblin comes into view.
Grinder misses you. The goblin barely misses you.
The orc hits you with a +2 vampiric hand axe.
A dart slug comes into view.
You shoot an arrow. The hobgoblin shouts!
The arrow hits Grinder!
Grinder is heavily wounded.
A goblin comes into view. It is wielding a +0 dagger.
Grinder hits you.
You writhe in agony.
The goblin closely misses you.
The ogre hits you with a +0 giant club!!
Ouch! That really hurt!
You die...

.$.....#
#....#.#
#....g. #g
#.....#.gw
#.....g...
#.glgg....
#o5OBgg[.. #g@#
###..#...
#....#... #
#....#...###. .
#....#..#...#..
#....#....#....
#....##......#.
##...##........
#....##<...##


You could see Grinder, an ogre, an iguana, Robin, a dart slug, an orc, a giant
cockroach, 5 hobgoblins and 4 goblins.

Vanquished Creatures
  Natasha (twice) (D:2)
  4 gnolls (D:3)
  An adder (D:3)
  2 worms
  A dart slug (D:1)
  3 orcs (D:3)
  5 ball pythons
  4 endoplasms
  4 giant cockroaches
  3 goblins
  8 hobgoblins
  7 jackals
  6 quokkas
  7 bats
  2 frilled lizards
  4 kobolds
  9 rats
72 creatures vanquished.

Notes
Turn   | Place    | Note
-------+----------+-------------------------------------------
     0 | D:1      | qw the Deep Elf Hunter began the quest for the Orb.
     0 | D:1      | Reached XP level 1. HP: 12/12 MP: 3/3
     0 | D:1      | 0 ||| qw: Version: 0.3-a-22-g0ed2b0b
     0 | D:1      | 0 ||| qw: Game counter: 5259
     0 | D:1      | 0 ||| qw: Melee chars always use a shield: true
     0 | D:1      | 0 ||| qw: God list: Okawaru
     0 | D:1      | 0 ||| qw: Allow faded altars: false
     0 | D:1      | 0 ||| qw: Do Orc after clearing Dungeon:15 true
     0 | D:1      | 0 ||| qw: Do second Lair branch before Depths: true
     0 | D:1      | 0 ||| qw: Lair rune preference: random
     0 | D:1      | 0 ||| qw: Goals: Normal
     0 | D:1      | 0 ||| PLANNING D:1-11
   132 | D:1      | Reached skill level 6 in Ranged Weapons
   132 | D:1      | Reached XP level 2. HP: 11/16 MP: 4/4
   400 | D:1      | You fall into a shaft and drop 1 floor!
   462 | D:2      | 462 ||| UPGRADING to +0 ring mail.
   472 | D:2      | 472 ||| DROPPING +0 leather armour.
   473 | D:2      | 473 ||| READING scroll labelled JODAGG WEFIN.
   474 | D:2      | 474 ||| READING scroll labelled ISMEVVOMPOF.
   504 | D:2      | 504 ||| FLEEEEING.
   510 | D:2      | 510 ||| FLEEEEING.
   511 | D:2      | 511 ||| STAIRDANCE
   722 | D:1      | Reached XP level 3. HP: 20/20 MP: 5/5
   732 | D:1      | 732 ||| UPGRADING to +0 helmet.
   868 | D:1      | 868 ||| DROPPING amulet of magic regeneration.
   869 | D:1      | 869 ||| UPGRADING to ring of willpower.
   870 | D:1      | 870 ||| READING scroll labelled VENAWYNOIG.
   871 | D:1      | 871 ||| READING scroll labelled ADESIA ITIS.
   874 | D:1      | 874 ||| READING scroll labelled NOMAQOICROW.
   875 | D:1      | 875 ||| DROPPING scroll of butterflies.
   964 | D:2      | Reached skill level 7 in Ranged Weapons
  1267 | D:2      | Noticed Natasha
  1274 | D:2      | Killed Natasha
  1275 | D:2      | Reached XP level 4. HP: 15/25 MP: 6/6
  1472 | D:2      | 1472 ||| UPGRADING to ring of protection from cold.
  1473 | D:2      | 1473 ||| READING 2 scrolls labelled FUMUEH WODUI.
  1474 | D:2      | 1474 ||| READING scroll of enchant weapon.
  1474 | D:2      | 1474 ||| ENCHANTING +1 shortbow.
  1475 | D:2      | 1475 ||| DRINKING 2 amethyst potions.
  1476 | D:2      | 1476 ||| READING 3 scrolls of identify.
  1476 | D:2      | 1476 ||| IDENTIFYING bubbling silvery potion
  1477 | D:2      | 1477 ||| READING 2 scrolls of identify.
  1477 | D:2      | 1477 ||| IDENTIFYING grey potion
  1478 | D:2      | 1478 ||| DROPPING potion of attraction.
  1517 | D:3      | 1517 ||| STAIRDANCE
  1537 | D:2      | Noticed Natasha
  1541 | D:2      | Killed Natasha
  1542 | D:2      | Reached skill level 8 in Ranged Weapons
  1670 | D:3      | Reached XP level 5. HP: 25/29 MP: 7/7
  1675 | D:3      | HP: 3/29 [gnoll/+0 flail (11)]
  1782 | D:3      | Found Odeosoak's Magic Scroll Shop.
  1792 | D:3      | 1792 ||| BUYING scroll of enchant armour (105 gold).
  1792 | D:3      | Bought a scroll of enchant armour for 105 gold pieces
  1792 | D:3      | 1792 ||| SHOPLISTING scroll of enchant armour (105 gold,
                  | have 68).
  1792 | D:3      | 1792 ||| BUYING scroll of identify (28 gold).
  1792 | D:3      | Bought a scroll of identify for 28 gold pieces
  1792 | D:3      | 1792 ||| BUYING scroll of identify (28 gold).
  1792 | D:3      | Bought a scroll of identify for 28 gold pieces
  1792 | D:3      | 1792 ||| SHOPLISTING scroll of identify (28 gold, have 12).
  1792 | D:3      | 1792 ||| READING scroll of enchant armour.
  1792 | D:3      | 1792 ||| ENCHANTING +0 helmet.
  1847 | D:3      | Found Azoughe's Armour Shoppe.
  1853 | D:3      | 1853 ||| SHOPLISTING +2 ring mail of poison resistance (180
                  | gold, have 25).
  2010 | D:3      | Found a burning altar of Makhleb.
  2163 | D:3      | Found a faded altar of an unknown god.
  2407 | D:3      | Found Epuakhust's General Store.
  2411 | D:3      | 2411 ||| SHOPLISTING potion of enlightenment (55 gold, have
                  | 34).
  2411 | D:3      | 2411 ||| SHOPLISTING potion of haste (110 gold, have 34).
  2411 | D:3      | 2411 ||| SHOPLISTING potion of mutation (88 gold, have 34).
  2411 | D:3      | 2411 ||| SHOPLISTING scroll of brand weapon (104 gold, have
                  | 34).
  2411 | D:3      | 2411 ||| SHOPLISTING scroll of enchant weapon (82 gold,
                  | have 34).
  2429 | D:3      | 2429 ||| UPGRADING to +0 pair of gloves.
  2434 | D:3      | 2434 ||| READING scroll labelled ISATE JO RIFIL.
  2435 | D:3      | 2435 ||| DRINKING 3 fizzy coppery potions.
  2436 | D:3      | 2436 ||| READING 3 scrolls of identify.
  2436 | D:3      | 2436 ||| IDENTIFYING yellow potion
  2437 | D:3      | 2437 ||| DROPPING potion of ambrosia.
  2485 | D:4      | Noticed Grinder
  2485 | D:4      | Noticed an ogre
  2488 | D:4      | Noticed Robin
  2495 | D:4      | Mangled by an ogre

Levels and vault maps discovered:
D:1:      nicolae_arrival_washed_ashore, layout_basic
D:2:      layout_rooms, kennysheep_generic_room_12, uniq_natasha
D:3:      layout_basic, lightli_temple_of_fire,
          hellmonk_ecumenical_altar_heavens_door, serial_shops, shop,
          nicolae_shop_stone, nicolae_shop_back_alley_shop,
          kennysheep_generic_room_15
D:4:      layout_gridville, minmay_temple_entry_proselytizer, serial_shops,
          shop, minmay_misc_feat_roman, minmay_fractal_squares_diagonal_5,
          uniq_duvessa, uniq_robin, uniq_sigmund, uniq_grinder, uniq_pikel

Skill      XL: |  1  2  3  4 |
---------------+-------------+-----
Ranged Weapons | 6 7 8 |  8.8
Fighting       | |  1.5
Dodging        | |  2.4
Stealth        | |  1.2

Action                     |  1- 3 |  4- 6 || total
---------------------------+-------+-------++-------
   Fire: Shortbow          |   142 |    69 ||   211
    Use: Scroll            |     5 |     7 ||    12
         Potion            |       |     2 ||     2
 Armour: Leather armour    |     5 |       ||     5
         Ring mail         |    16 |    19 ||    35
  Dodge: Dodged            |    46 |    25 ||    71

Table legend:
 A = Non-vault XP
 B = Vault XP
 C = Vault XP percentage of total XP
 D = Non-vault monster count
 E = Vault monster count
 F = Vault count percentage of total count
                 A         B        C        D         E       F
            +---------+---------+-------+---------+---------+-------
      Total |     220 |      39 |  15.1 |      68 |       4 |   5.6
            +---------+---------+-------+---------+---------+-------
        D:1 |      42 |       0 |   0.0 |      25 |       0 |   0.0
        D:2 |      85 |      35 |  29.2 |      28 |       2 |   6.7
        D:3 |      88 |       2 |   2.2 |      14 |       1 |   6.7
        D:4 |       5 |       2 |  28.6 |       1 |       1 |  50.0
            +---------+---------+-------+---------+---------+-------
